 Dungeon Crawl Stone Soup version 0.19-a0-805-g0a78ef0 (webtiles) character file.

41 Stormbringer the Insei (level 3, 0/29 HPs)
             Began as a Mummy Monk on June 27, 2016.
             Slain by an adder (1 damage)
             ... on level 2 of the Dungeon.
             The game lasted 00:01:48 (1247 turns).

Stormbringer the Insei (Mummy Monk)                 Turns: 1247, Time: 00:01:48

Health: 0/29       AC:  0    Str: 14    XL:     3   Next: 32%
Magic:  3/3        EV: 13    Int:  9    God:
Gold:   9          SH:  0    Dex: 15    Spells: 0 memorised, 2 levels left

rFire  x . .     SeeInvis .       - Unarmed
rCold  + . .     Gourm    .     (no armour)
rNeg   + + +     Faith    .     (no shield)
rPois  ∞         Spirit   .     (no helmet)
rElec  .         Dismiss  .     (no cloak)
rCorr  .         Reflect  .     (no gloves)
SustAt .         Harm     .     (no boots)
MR     .....                    (no amulet)
Stlth  ++........               (no ring)
                                (no ring)

@: not resistant to hostile enchantments, unstealthy
A: no food or potions, fire vulnerability, cold resistance 1, negative energy
resistance 3, torment resistance, unbreathing
a: no special abilities


You were on level 2 of the Dungeon.
You were not hungry.

You visited 1 branch of the dungeon, and saw 2 of its levels.

You collected 9 gold pieces.


Innate Abilities, Weirdness & Mutations

You do not eat or drink.
Your flesh is vulnerable to fire.
You are immune to poison.
Your flesh is cold resistant. (rC+)
You are immune to negative energy. (rN+++)
You are immune to unholy pain and torment.
You can survive without breathing.


   Skills:
 - Level 3.0 Fighting
 - Level 2.4 Dodging
 - Level 1.5 Stealth
 + Level 3.6 Unarmed Combat


You had 2 spell levels left.
You didn't know any spells.

Inventory:

Scrolls
 a - a scroll of remove curse {unknown}
 b - a scroll of recharging {unknown}
 c - 2 scrolls of enchant weapon {unknown}
 d - a scroll of identify {unknown}

Dungeon Overview and Level Annotations

Branches:
Dungeon (2/15)

Altars:

Annotations:
D:2 exclusion: adder

▒▒▒ ▒▒▒▒ ..▒ ▒....... ▒.▒
▒.▒..... ▒.▒ ▒.▒..▒.▒ ▒.▒
▒)▒..▒.▒ ▒▒▒ ▒.▒ ▒.▒..▒.S
... ▒.▒ ▒†▒..▒.▒▒.▒
▒.▒▒▒▒▒▒▒▒▒▒▒.▒..▒...▒▒▒.▒
.........%......M▒.......▒
▒................Sg..▒▒▒▒▒
▒▒▒▒▒▒▒▒▒▒▒▒▒▒▒▒.▒.▒▒▒
▒▒▒▒▒


You could see an adder and a hobgoblin.


Message History

You see here a hobgoblin corpse!
A hobgoblin comes into view! It is wielding a club!
The hobgoblin shouts!!!
You hear an angry hiss!
You swing at nothing!
You barely miss the hobgoblin! The hobgoblin hits you with a club!
You pulverise the hobgoblin!
The hobgoblin is moderately wounded!
The hobgoblin hits you with a club!
You completely miss the hobgoblin!
The hobgoblin is moderately wounded!
The hobgoblin hits you with a club!
You closely miss the hobgoblin!
The hobgoblin is moderately wounded!
An adder and a hobgoblin come into view!
You barely miss the hobgoblin!
The hobgoblin is moderately wounded!
The hobgoblin hits you with a club!!! * * * don't die
* * * The adder hisses angrily!
You beat the hobgoblin but do no damage!
The hobgoblin is moderately wounded!
The hobgoblin hits you with a club! * * * don't die
* * * You pummel the hobgoblin but do no damage!
The hobgoblin is moderately wounded!
The hobgoblin hits you with a club!!! * * * don't die
* * * The adder barely misses you!
The adder bites you! rip

Action                   || total
-------------------------++-------
Melee: Unarmed           ||   111
       Punch             ||     1
 Stab: Sleeping          ||     4
Dodge: Dodged            ||    81

Vault maps used:
D:1:      dpeg_arrival_rooms_with_view, minmay_quantized
D:2:      nicolae_overflow_hidden_temple, overflow_temple_1_default,
          first_bread, uniq_terence

Notes
Turn   | Place    | Note
--------------------------------------------------------------
     0 | D:1      | Stormbringer the Mummy Monk began the quest for the Orb.
     0 | D:1      | Reached XP level 1. HP: 18/18 MP: 1/1
   122 | D:1      | Reached XP level 2. HP: 20/24 MP: 2/2
   123 | D:1      | Reached skill level 3 in Unarmed Combat
   256 | D:1      | woah jeez
   316 | D:1      | HP: 2/24 [bat (1)]
   322 | D:1      | HP: 2/24 [hobgoblin (1)]
   323 | D:1      | Reached XP level 3. HP: 2/29 MP: 3/3
  1245 | D:2      | HP: 1/29 [hobgoblin/club (7)]
  1247 | D:2      | Slain by an adder

Vanquished Creatures
  A gnoll (D:1)
  A dart slug (D:1)
  A giant gecko (D:1)
  A ball python (D:1)
  A giant cockroach (D:1)
  2 goblins (D:1)
  4 hobgoblins
  5 kobolds (D:1)
  5 bats (D:1)
  A giant newt (D:1)
  5 rats
27 creatures vanquished.
